 Dungeon Crawl Stone Soup version 0.28-a0-804-g60983d4ba9 (webtiles) character file.

Game seed: 14616309067059484515

44 vurker the Gusty (level 3, -5/20 HPs)
             Began as a Tengu Air Elementalist on Nov 7, 2021.
             Killed from afar by an orc wizard (8 damage)
             ... with a puff of flame
             ... on level 2 of the Dungeon.
             The game lasted 00:02:03 (1471 turns).

vurker the Gusty (Tengu Air Elementalist)           Turns: 1471, Time: 00:02:03

Health: -5/20      AC:  2    Str:  8    XL:     3   Next: 60%
Magic:  2/8        EV: 12    Int: 16    God:
Gold:   89         SH:  5    Dex: 14    Spells: 6/7 levels left

rFire   . . .      SeeInvis .   (no weapon)
rCold   . . .      Faith    .   (no shield)
rNeg    . . .      Spirit   .   a - +0 robe
rPois   .          Reflect  +   (helmet restricted)
rElec   .          Harm     .   (no cloak)
rCorr   .          Rampage  .   (no gloves)
Will    .....                   (boots unavailable)
Stlth   ++........              d - amulet of reflection
HPRegen 0.06/turn               (no ring)
MPRegen 0.11/turn               (no ring)

@: no status effects
A: beak, talons 3
a: no special abilities


You were on level 2 of the Dungeon.
You visited 1 branch of the dungeon, and saw 2 of its levels.

You collected 89 gold pieces.

Inventory:

Armour
 a - a +0 robe (worn)
Jewellery
 d - an amulet of reflection (around neck)
   (You found it on level 1 of the Dungeon)
Scrolls
 c - a scroll of enchant weapon {unknown}
 e - a scroll of magic mapping {unknown}
 g - a scroll of amnesia {unknown}
 i - a scroll of immolation {unknown}
Potions
 b - a potion of heal wounds {unknown}
 f - 2 potions of haste {unknown}
 h - a potion of might {unknown}


   Skills:
 + Level 0.9 Fighting
 - Level 2.1 Dodging
 - Level 2.0 Stealth
 * Level 2.6 Spellcasting
 + Level 2.1 Conjurations
 * Level 4.7 Air Magic


You had 6 spell levels left.
You knew the following spells:

 Your Spells              Type           Power      Damage    Failure   Level
a - Shock                 Conj/Air       52%        1d6       4%          1

Your spell library contained the following spells:

 Spells                   Type           Power      Damage    Failure   Level
 Static Discharge         Conj/Air       13%        N/A       7%          2
 Swiftness                Air            17%        N/A       9%          3
 Corpse Rot               Necr/Air       18%        N/A       11%         2
 Poisonous Vapours        Pois/Air       18%        N/A       11%         2
 Airstrike                Air            8%         N/A       26%         4


Dungeon Overview and Level Annotations

Branches:
Dungeon (2/15)

Altars:

Shops:
D:2 :


Innate Abilities, Weirdness & Mutations

You have a beak for a mouth.
You have claws for feet.


Message History

Found a black potion.
f - 2 black potions (gained 1)
You open the door.
There is an open door here.
Found a faded altar of an unknown god.
Found 5 gold pieces.
You now have 89 gold pieces (gained 5).
Found a dagger.
Found a stone staircase leading down.
You see here a +0 dagger.
An orc comes into view. It is wielding a +0 short sword.
The orc shouts!
An orc comes into view. It is wielding a +0 whip.
There are monsters nearby!
Aim: an orc, wielding a +0 whip (wandering, hasn't noticed you, 68% to hit)
The zap hits the orc.
The orc shouts!
You hear a shout!
Aim: an orc, wielding a +0 whip (heavily wounded, 68% to hit)
The zap hits the orc. x2
Aim: an orc, wielding a +0 whip (almost dead, 68% to hit)
The zap hits the orc.
You kill the orc!
The zap hits the orc.
You kill the orc!
An orc comes into view. It is wielding a +0 whip.
Aim: an orc, wielding a +0 whip (68% to hit)
The zap hits the orc.
An orc wizard comes into view. It is wielding a +0 dagger.
Aim: an orc wizard, wielding a +0 dagger and wearing a +0 robe (60% to hit)
The zap misses the orc wizard.
Aim: an orc wizard, wielding a +0 dagger and wearing a +0 robe (60% to hit)
The zap hits the orc wizard.
The orc wizard casts a spell at you. The puff of flame hits you.
Aim: an orc wizard, wielding a +0 dagger and wearing a +0 robe (lightly wounded, 60% to hit)
The zap hits the orc wizard.
You don't have enough magic to cast this spell.
You don't have enough magic to cast this spell.
You don't have enough magic to cast this spell.
The orc wizard casts a spell at you. The puff of flame hits you!
Ouch! That really hurt!
* * * LOW HITPOINT WARNING * * *
The orc wizard casts a spell.
The orc wizard flickers and vanishes!
Deactivating autopickup; reactivate with Ctrl-A.
You see here a +0 dagger.
A puff of flame appears from out of thin air!
The puff of flame hits you!
You die...

## ## #.........#.#
##...8...8#.# #...._...#.#
#.8.8.8.8#.# #.##...#.#.#
#...8.8....# #..##.#.#..#
##################..##...#..#
.........{.....)@...####.#.>#
###################.####.####
#......# ########


There were no monsters in sight!

Vanquished Creatures
  An adder (D:1)
  A worm (D:1)
  2 orcs (D:2)
  5 bats (D:1)
  2 endoplasms (D:1)
  3 goblins (D:1)
  A hobgoblin (D:1)
  5 kobolds
  A quokka (D:1)
  4 ball pythons (D:1)
  2 frilled lizards (D:2)
  2 rats (D:1)
29 creatures vanquished.

Notes
Turn   | Place    | Note
-------+----------+-------------------------------------------
     0 | D:1      | vurker the Tengu Air Elementalist began the quest for the
                  | Orb.
     0 | D:1      | Reached XP level 1. HP: 10/10 MP: 4/4
   186 | D:1      | Reached XP level 2. HP: 15/15 MP: 0/6
   958 | D:1      | Reached XP level 3. HP: 20/20 MP: 4/7
  1202 | D:2      | Found Koudyqul's Book Emporium.
  1393 | D:2      | Found a faded altar of an unknown god.
  1471 | D:2      | Killed from afar by an orc wizard

Illustrated notes

Levels and vault maps discovered:
D:1:      kilobyte_arrival_exit_the_forest, layout_loops_ring,
          minmay_tetromino_t2
D:2:      layout_basic, serial_shops, shop, ebering_ecumenical_altar_ruins,
          grunt_decor_one_mirror

Skill      XL: |  1  2 |
---------------+-------+-----
Conjurations   | 2 |  2.1
Fighting       | |  0.9
Dodging        | |  2.1
Stealth        | |  2.0
Spellcasting   | |  2.6
Air Magic      | |  4.7

Action                   || total
-------------------------++-------
Melee: Unarmed           ||     2
       Kick              ||     1
 Cast: Shock             ||    54
Dodge: Dodged            ||     6
Block: Other             ||     2

Table legend: (Time is in decaauts)
 A = Elapsed time spent in this place.
 B = Non-inter-level travel time spent in this place.
 C = Inter-level travel time spent in this place.
 D = Time resting spent in this place.
 E = Time spent auto-exploring this place.
 F = Levels seen in this place.
 G = Mean time per level.
                   A        B        C        D        E       F      G
               +--------+--------+--------+--------+--------+-----+--------+
         Total |   1477 |   1461 |     16 |     83 |   1206 |   2 |  738.5 |
       Dungeon |   1477 |   1461 |     16 |     83 |   1206 |   2 |  738.5 |
               +--------+--------+--------+--------+--------+-----+--------+

Top non-repeatable levels by time:
     D:1: 1163 daAuts
     D:2: 314 daAuts
